 Dungeon Sprint DCSS version 0.30.0-17-ge0270778cf (webtiles) character file.

Game seed: 8622401870500460252

1862 boopmooplesden the Impaler (level 8, -5/86 HPs)
             Began as a Minotaur Berserker on May 22, 2023.
             Was an Elder of Trog.
             Shot with an arrow by a centaur warrior (15 damage)
             ... in the Dungeon (Sprint IX: "|||||||||||||||||||||||||||||").
             The game lasted 00:01:05 (758 turns).

boopmooplesden the Impaler (Minotaur Berserker)      Turns: 758, Time: 00:01:06

Health: -5/86      AC: 22    Str: 27    XL:     8   Next: 90%
Magic:  7/7        EV: 11    Int:  7    God:    Trog [****..]
Gold:   0          SH:  0    Dex: 10    Spells: 7/7 levels left

rFire   . . .        k - +2 halberd (protect)
rCold   . . .        (shield currently unavailable)
rNeg    . . .        n - +1 chain mail
rPois   .            (helmet restricted)
rElec   .            (no cloak)
rCorr   .            l - +0 pair of gloves
SInv    .            m - +0 pair of boots
Will    .....        (no amulet) Stlth
                     p - +3 ring of strength
HPRegen 0.34/turn    o - +3 ring of intelligence
MPRegen 0.10/turn

%: no teleportation
@: under a protective aura, on berserk cooldown, slowed, very slow
A: horns 2, retaliatory headbutt
a: Renounce Religion, Berserk, Trog's Hand, Brothers in Arms


You were in the Dungeon.
You worshipped Trog.
Trog was greatly pleased with you.
You visited 1 branch

Inventory:

Hand Weapons
 a - a +0 spear
 k - a +2 halberd of protection (weapon)
Armour
 b - a +0 animal skin
 l - a +0 pair of gloves (worn)
 m - a +0 pair of boots (worn)
 n - a +1 chain mail (worn)
Jewellery
 o - a +3 ring of intelligence (right hand)
 p - a +3 ring of strength (left hand)
Wands
 j - a wand of acid (10)
Scrolls
 h - 2 scrolls of blinking
Potions
 c - 5 potions of curing
 d - 3 potions of heal wounds
 e - a potion of haste
 f - 4 potions of magic
 g - a potion of berserk rage
 i - a potion of invisibility


   Skills:
 + Level 13.3 Fighting
 + Level 15.9 Polearms
 + Level 9.1 Armour
 + Level 8.3 Dodging
 + Level 1.6 Stealth


You had 7 spell levels left.
You didn't know any spells.
Your spell library was empty.

Dungeon Overview and Level Annotations

Branches:
Dungeon (1/1)

Altars:
Cheibriados
Dithmenos
Elyvilon
Fedhas
Gozag
Hepliaklqana
Kikubaaqudgha
Makhleb
Nemelex Xobeh
Okawaru
Qazlal
Ru
Sif Muna
Trog
Uskayaw
Vehumet
Wu Jian
Xom
Yredelemnul
Zin
The Shining One
Jiyva
Lugonu


Innate Abilities, Weirdness & Mutations

You have a pair of horns on your head.
You reflexively headbutt those who attack you in melee.


Message History

You barely miss the rakshasa.
The rakshasa is severely wounded.
The rakshasa hits you with a +0 whip!
You closely miss the rakshasa. You headbutt the rakshasa.
The rakshasa is severely wounded.
The boulder beetle barely misses you. You furiously retaliate!
You headbutt the boulder beetle! You hit the rakshasa.
The rakshasa is almost dead.
The rakshasa hits you with a +0 whip!
* * * LOW HITPOINT WARNING * * *
You miss the rakshasa. You headbutt the rakshasa!
You kill the rakshasa!
Trog accepts your kill.
The boulder beetle bites you but does no damage.
Your Fighting skill increases to level 13!
Your Polearms skill increases to level 15!
Your Armour skill gained 2 levels and is now at level 9!
Your Dodging skill increases to level 8!
You hit the boulder beetle but do no damage.
The boulder beetle is moderately wounded.
The centaur warrior wields a +0 shortbow.
The centaur warrior shoots an arrow.
The arrow barely misses you.
The arrow hits the boulder beetle but does no damage.
You hit the boulder beetle but do no damage.
You headbutt the boulder beetle.
The boulder beetle is moderately wounded.
The boulder beetle leaps!
You are no longer berserk.
You are exhausted.
You feel yourself slow down.
The centaur warrior shoots an arrow.
The arrow hits you!
* * * LOW HITPOINT WARNING * * *
There is an open door, spattered with blood here.
The centaur warrior shoots an arrow.
The arrow hits you.
* * * LOW HITPOINT WARNING * * *
The deep elf pyromancer casts a spell.
The boulder beetle leaps!
The centaur warrior shoots an arrow.
The arrow hits you!
You die...

▓.▓
▓B▓
▓)▓
▓)▓
▓.▓
▓.▓
▓.▓
▓.▓
▓@▓
▓.▓
▓'▓
▓c▓
▓)▓
▓g▓
▓E▓
▓e▓
▓E▓


You could see a boulder beetle, a centaur warrior, a deep elf pyromancer, a fire
elemental (summoned) and a gnoll sergeant.

Vanquished Creatures
  A rakshasa (D)
  A centaur warrior (D)
  A yak (D)
  A wraith (D)
  An orc warrior (D)
  A centaur (D)
  A killer bee (D)
  A jelly (D)
  A sleepcap (D)
  An adder (D)
  A gnoll (D)
  A dart slug (D)
  A bat (D)
  2 endoplasms (D)
  A quokka (D)
  A kobold (D)
17 creatures vanquished.

Vanquished Creatures (collateral kills)
  An orc warrior (D)
1 creature vanquished.

Grand Total: 18 creatures vanquished

Notes
Turn   | Place    | Note
-------+----------+-------------------------------------------
     0 | D        | boopmooplesden the Minotaur Berserker began the quest for
                  | the Orb.
     0 | D        | Reached XP level 1. HP: 19/19 MP: 0/0
     9 | D        | Reached skill level 4 in Polearms
     9 | D        | Reached ** piety under Trog
   135 | D        | Noticed a jelly
   135 | D        | Noticed a sleepcap
   140 | D        | Reached skill level 5 in Fighting
   140 | D        | Reached skill level 5 in Polearms
   140 | D        | Reached XP level 2. HP: 29/29 MP: 1/1
   141 | D        | Reached *** piety under Trog
   145 | D        | Reached skill level 6 in Polearms
   145 | D        | Reached XP level 3. HP: 37/37 MP: 2/2
   149 | D        | Reached skill level 7 in Polearms
   149 | D        | Reached XP level 4. HP: 45/45 MP: 3/3
   201 | D        | Found a snail-covered altar of Cheibriados.
   201 | D        | Found a shadowy altar of Dithmenos.
   201 | D        | Found a white marble altar of Elyvilon.
   201 | D        | Found a blossoming altar of Fedhas.
   201 | D        | Found an opulent altar of Gozag.
   202 | D        | Found a hazy altar of Hepliaklqana.
   203 | D        | Found a viscous altar of Jiyva.
   204 | D        | Found an ancient bone altar of Kikubaaqudgha.
   205 | D        | Found a corrupted altar of Lugonu.
   206 | D        | Found a burning altar of Makhleb.
   207 | D        | Found a sparkling altar of Nemelex Xobeh.
   208 | D        | Found an iron altar of Okawaru.
   209 | D        | Found a stormy altar of Qazlal.
   210 | D        | Found a sacrificial altar of Ru.
   211 | D        | Found a shimmering blue altar of Sif Muna.
   212 | D        | Found a bloodstained altar of Trog.
   213 | D        | Found a hide-covered altar of Uskayaw.
   214 | D        | Found a radiant altar of Vehumet.
   215 | D        | Found an ornate altar of the Wu Jian Council.
   216 | D        | Found a shimmering altar of Xom.
   217 | D        | Found a basalt altar of Yredelemnul.
   218 | D        | Found a glowing silver altar of Zin.
   219 | D        | Found a glowing golden altar of the Shining One.
   370 | D        | Noticed a wraith
   370 | D        | Noticed an orc warrior
   370 | D        | Noticed a centaur
   370 | D        | Noticed a yak
   370 | D        | Noticed an orc warrior
   378 | D        | Killed a wraith
   379 | D        | Reached skill level 10 in Polearms
   379 | D        | Reached skill level 5 in Dodging
   379 | D        | Reached XP level 5. HP: 56/56 MP: 4/4
   381 | D        | Killed an orc warrior
   381 | D        | Reached **** piety under Trog
   382 | D        | Reached skill level 11 in Polearms
   382 | D        | Reached skill level 5 in Armour
   382 | D        | Reached XP level 6. HP: 64/66 MP: 5/5
   384 | D        | Reached skill level 10 in Fighting
   386 | D        | Killed a yak
   387 | D        | Reached skill level 12 in Polearms
   387 | D        | Reached XP level 7. HP: 72/73 MP: 6/6
   397 | D        | Reached skill level 13 in Polearms
   739 | D        | Noticed a centaur warrior
   739 | D        | Noticed a rakshasa
   739 | D        | Noticed a boulder beetle
   739 | D        | Noticed a centaur warrior
   739 | D        | Noticed a deep elf pyromancer
   744 | D        | Killed a centaur warrior
   745 | D        | Reached skill level 14 in Polearms
   745 | D        | Reached skill level 1 in Stealth
   745 | D        | Reached XP level 8. HP: 85/85 MP: 7/7
   753 | D        | Killed a rakshasa
   754 | D        | Reached skill level 15 in Polearms
   758 | D        | Shot with an arrow by a centaur warrior

Illustrated notes

Levels and vault maps discovered:
D:        linesprint [early_d, line_temple, items_1, d_10, items_2, lair_1,
          lair_end, items_3, orc_1, orc_end, items_4, d_15, swamp_1, shoals_1,
          snake_1, spider_1, d_20, vaults_1, items_5, swamp_end, shoals_end,
          snake_end, spider_end, vaults_end, d_27, items_6, zot_1, zot_end,
          crypt_end, forest_end, elf_end, slime_end, tomb_end, abyss_end,
          pan_hell_end]

Skill      XL: |  1  2  3  4  5  6  7  8 |
---------------+-------------------------+-----
Fighting       | 5 6 8 9 10 12 13 | 13.3
Polearms       | 5 6 7 10 11 12 14 15 | 15.9
Armour         | 3 4 5 7 9 |  9.1
Dodging        | 3 5 6 7 8 |  8.3
Stealth        | 1 |  1.6

Action                     |  1- 3 |  4- 6 |  7- 9 || total
---------------------------+-------+-------+-------++-------
  Melee: Spear             |    23 |     3 |       ||    26
         Headbutt          |     5 |     5 |     4 ||    14
         Halberd           |       |    15 |    20 ||    35
 Invoke: Berserk           |     1 |     1 |     1 ||     3
         Brothers in Arms  |       |       |     1 ||     1
 Armour: Animal skin       |     1 |       |       ||     1
         Chain mail        |       |     5 |     4 ||     9
  Dodge: Dodged            |    10 |     5 |    13 ||    28
